 Dungeon Crawl Stone Soup version 0.30-a0-576-g89cddaab80 (webtiles) character file.

Game seed: 10429767821068174757

42 Farfigtubin the Poker (level 3, -2/33 HPs)
             Began as a Minotaur Monk on Dec 30, 2022.
             Slain by a worm (7 damage)
             ... on level 3 of the Dungeon.
             The game lasted 00:14:10 (1560 turns).

Farfigtubin the Poker (Minotaur Monk)               Turns: 1560, Time: 00:14:10

Health: -2/33      AC:  4    Str: 17    XL:     3   Next: 35%
Magic:  2/2        EV: 13    Int:  7    God:
Gold:   88         SH:  0    Dex: 12    Spells: 2/2 levels left

rFire   . . .      SeeInvis .    a - +0 spear
rCold   . . .      Faith    .    (no shield)
rNeg    . . .      Spirit   .    b - +0 robe
rPois   .          Reflect  .    (helmet restricted)
rElec   .          Harm     .    m - +1 cloak
rCorr   .          Rampage  .    (no gloves)
Will    .....                    (no boots)
Stlth   +                        (no amulet)
HPRegen 0.25/turn                (no ring)
MPRegen 0.08/turn                (no ring)

@: confused
A: horns 2, retaliatory headbutt
a: no special abilities


You were on level 3 of the Dungeon.
You visited 1 branch of the dungeon, and saw 3 of its levels.

You collected 88 gold pieces.

Inventory:

Hand Weapons
 a - a +0 spear (weapon)
Armour
 b - a +0 robe (worn)
 l - a +3 leather armour of cold resistance
 m - a +1 cloak (worn)
Scrolls
 f - 3 scrolls of amnesia {unknown}
 g - a scroll of enchant weapon {unknown}
 i - a scroll of identify {unknown}
 j - a scroll of poison {unknown}
Potions
 d - a potion of brilliance {unknown}
 e - a potion of haste {unknown}
 k - a potion of invisibility {unknown}
 n - a potion of heal wounds {unknown}


   Skills:
 + Level 4.1 Fighting
 + Level 4.3 Polearms
 + Level 3.7 Dodging
 + Level 2.0 Stealth


You had 2 spell levels left.
You didn't know any spells.
Your spell library was empty.

Dungeon Overview and Level Annotations

Branches:
Dungeon (3/15)

Altars:

Annotations:
D:2 1 runed translucent door, Crazy Yiuf


Innate Abilities, Weirdness & Mutations

You have a pair of horns on your head.
You reflexively headbutt those who attack you in melee.


Message History

You bump into the rock wall.
Something hits you but does no damage.
You bump into the rock wall.
Something barely misses you.
The worm struggles against the net.
You bump into the rock wall.
Something hits you.
The worm struggles against the net.
You bump into the rock wall.
Something hits you.
You bump into the rock wall.
Something hits you.
The worm struggles against the net.
You start resting.
A worm is nearby!
You miss something. Something hits you but does no damage.
You bump into the rock wall.
You hear some strange, mumbled words.
A puff of flame appears from out of thin air!
The puff of flame misses you.
The worm struggles against the net.
You hit the worm.
The worm is heavily wounded.
Something hits you but does no damage.
You're too confused to move!
The worm struggles against the net.
Something hits you.
* * * LOW HITPOINT WARNING * * *
You hit something but do no damage. Something completely misses you.
The worm struggles against the net.
You barely miss the worm.
The worm is moderately wounded.
Something hits you.
* * * LOW HITPOINT WARNING * * *
You bump into the rock wall.
The worm struggles against the net.
Something hits you.
* * * LOW HITPOINT WARNING * * *
Something hits you but does no damage.
You hit the worm. Your headbutt misses the worm.
The worm is heavily wounded.
The worm struggles against the net.
The net rips apart, and the worm comes free!
Something completely misses you. Something hits you.
* * * LOW HITPOINT WARNING * * *
You're too confused to move!
The worm bites you!
You die...

#........>..........##...........
#####....###.###....##...........
#....# #)).#....##...........
#....# ###.#....##...........
#....# #......##...........
#....# ###....##...........
###### #.................
#{w..##.......(...
#@...##...........
####.##...........
#.##........... #.#######..####
#.# #.# ...


You could see a worm.

Vanquished Creatures
  4 orcs (D:3)
  2 ball pythons (D:1)
  2 bats
  6 endoplasms
  2 giant cockroaches
  2 hobgoblins (D:2)
  3 quokkas
  6 frilled lizards
  2 goblins
  3 kobolds
  3 rats
35 creatures vanquished.

Notes
Turn   | Place    | Note
-------+----------+-------------------------------------------
     0 | D:1      | Farfigtubin the Minotaur Monk began the quest for the Orb.
     0 | D:1      | Reached XP level 1. HP: 19/19 MP: 0/0
    16 | D:1      | Upgraded the game from 0.30-a0-571-gdf30a72648 to
                  | 0.30-a0-576-g89cddaab80
   171 | D:1      | Reached XP level 2. HP: 27/27 MP: 1/1
   994 | D:2      | Reached XP level 3. HP: 31/33 MP: 2/2
  1014 | D:2      | Found a runed translucent door.
  1015 | D:2      | Noticed Crazy Yiuf
  1560 | D:3      | Slain by a worm

Illustrated notes

Levels and vault maps discovered:
D:1:      dpeg_arrival_windows_large_door, layout_loops_ring
D:2:      layout_loops_corners, uniq_crazy_yiuf_cottage
D:3:      layout_basic

Skill      XL: |  1  2  3 |
---------------+----------+-----
Polearms       | 4 |  4.3
Fighting       | 4 |  4.1
Stealth        | 2 |  2.0
Dodging        | |  3.7

Action                   || total
-------------------------++-------
Melee: Spear             ||    93
       Headbutt          ||    10
Throw: Throwing net      ||     1
  Use: Potion            ||     1
 Stab: Sleeping          ||    10
Armor: Robe              ||    12
Dodge: Dodged            ||    23

Table legend: (Time is in decaauts)
 A = Elapsed time spent in this place.
 B = Non-inter-level travel time spent in this place.
 C = Inter-level travel time spent in this place.
 D = Time resting spent in this place.
 E = Time spent auto-exploring this place.
 F = Levels seen in this place.
 G = Mean time per level.
                   A        B        C        D        E       F      G
               +--------+--------+--------+--------+--------+-----+--------+
         Total |   1549 |   1502 |     47 |      0 |    739 |   3 |  516.3 |
       Dungeon |   1549 |   1502 |     47 |      0 |    739 |   3 |  516.3 |
               +--------+--------+--------+--------+--------+-----+--------+

Top non-repeatable levels by time:
     D:2: 854 daAuts
     D:1: 545 daAuts
     D:3: 149 daAuts
